 Dungeon Crawl Stone Soup version 0.28-a0-1182-g381e24db82 (webtiles) character file.

Game seed: 12047489418917813535

136 flotson the Ducker (level 4, 0/35 HPs)
             Began as a Demonspawn Gladiator on Dec 16, 2021.
             Was a High Priest of Ignis.
             Killed by nerve-wracking pain
             ... invoked by an orc priest
              (8 damage)
             ... on level 3 of the Dungeon.
             The game lasted 00:03:15 (1788 turns).

flotson the Ducker (Demonspawn Gladiator)           Turns: 1788, Time: 00:03:16

Health: 0/35       AC: 12    Str: 16    XL:     4   Next: 98%
Magic:  4/4        EV: 12    Int: 10    God:    Ignis [*****.]
Gold:   106        SH:  0    Dex: 14    Spells: 3/3 levels left

rFire   + . .      SeeInvis .   a - +0 war axe
rCold   . . .      Faith    .   (no shield)
rNeg    . . .      Spirit   .   e - +0 ring mail
rPois   .          Reflect  .   c - +0 helmet
rElec   .          Harm     .   (no cloak)
rCorr   .          Rampage  .   (no gloves)
Will    .....                   (no boots)
Stlth   +.........              (no amulet)
HPRegen 0.11/turn               (no ring)
MPRegen 0.09/turn               (no ring)

@: sanguine armoured
A: powered by pain 1, sanguine armour 1, weakness stinger 1
a: Renounce Religion, Fiery Armour, Foxfire Swarm, Rising Flame


You were on level 3 of the Dungeon.
You worshipped Ignis.
Ignis was extremely pleased with you.
You visited 1 branch of the dungeon, and saw 3 of its levels.

You collected 106 gold pieces.

Inventory:

Hand Weapons
 a - a +0 war axe (weapon)
Missiles
 d - 3 throwing nets (quivered)
Armour
 c - a +0 helmet (worn)
 e - a +0 ring mail (worn)
Jewellery
 i - a +4 ring of protection
Wands
 j - a wand of mindburst (6)
Scrolls
 g - 2 scrolls of vulnerability {unknown}
 h - 3 scrolls of identify {unknown}
Potions
 b - a potion of brilliance {unknown}
 f - a potion of might {unknown}
 k - a potion of attraction {unknown}
 l - a potion of mutation {unknown}


   Skills:
 + Level 3.0 Fighting
 - Level 2.6 Axes
 + Level 2.7 Throwing
 + Level 1.8 Armour
 + Level 3.4 Dodging
 + Level 0.7 Evocations


You had 3 spell levels left.
You didn't know any spells.
Your spell library was empty.

Dungeon Overview and Level Annotations

Branches:
Dungeon (3/15)

Altars:
Ignis

Shops:
D:1 [   D:2 [

Annotations:
D:3 Robin


Innate Abilities, Weirdness & Mutations

You sometimes gain a little power by taking damage.
When seriously injured, your blood forms armour. (AC +6)
You have a small tail.


Message History

The bat is moderately wounded.
The bat closely misses you. The bat hits you but does no damage.
The bat closely misses you. The orc hits you but does no damage.
You slash the bat!
You kill the bat!
You hit the orc. The orc barely misses you.
You hit the orc but do no damage.
The orc is moderately wounded.
The orc hits you with a +0 hand axe. x2
You slash the orc!
You kill the orc!
No target in view!
No target in view!
No target in view!
No target in view!
No target in view!
An orc priest comes into view. It is wielding a +0 flail.
An orc priest is nearby!
The orc priest mumbles some strange prayers to Beogh against you.
Beogh smites you!
Your blood congeals into armour.
The orc priest calls down the wrath of Beogh upon you.
Beogh smites you!
* * * LOW HITPOINT WARNING * * *
You are too injured to fight recklessly!
You are too injured to fight recklessly!
You are too injured to fight recklessly!
You are too injured to fight recklessly!
You are too injured to fight recklessly!
You are too injured to fight recklessly!
You are too injured to fight recklessly!
You barely miss the orc priest.
You tail-slap the orc priest, but do no damage.
The orc priest mumbles some strange prayers to Beogh against you.
Pain shoots through your body!
* * * LOW HITPOINT WARNING * * *
You closely miss the orc priest.
The orc priest mumbles some strange prayers to Beogh against you.
Pain shoots through your body!
You die...

#.#.## #....## .
##.....## ..
###.......##..
......(......
######.....$.#
#...........#
#o@...)#
######.# ..#.#
#.#)#
####.#.#.####.#
#.....†.......#
#.##.###.#####..
........#
.##..##.#


You could see an orc priest.

Vanquished Creatures
  An orc wizard (D:3)
  5 gnolls
  An adder skeleton (D:2)
  A worm (D:2)
  A dart slug (D:1)
  4 orcs
  6 endoplasms
  2 giant cockroaches
  7 goblins
  3 hobgoblins
  2 quokkas
  4 ball pythons
  7 bats
  2 frilled lizards (D:1)
  4 kobolds
  5 rats
55 creatures vanquished.

Notes
Turn   | Place    | Note
-------+----------+-------------------------------------------
     0 | D:1      | flotson the Demonspawn Gladiator began the quest for the
                  | Orb.
     0 | D:1      | Reached XP level 1. HP: 16/16 MP: 1/1
   328 | D:1      | Gained mutation: You sometimes gain a little power by
                  | taking damage. [demonic ancestry]
   328 | D:1      | Reached XP level 2. HP: 17/22 MP: 2/2
   445 | D:1      | Found a faded altar of an unknown god.
   464 | D:1      | Prayed at the altar of an unknown god.
   464 | D:1      | Became a worshipper of Ignis, the Dying Flame
   491 | D:1      | Found Boiwk's Armour Shop.
   613 | D:1      | Reached skill level 1 in Armour
   613 | D:1      | Gained mutation: When seriously injured, your blood forms
                  | armour. (AC +6) [demonic ancestry]
   613 | D:1      | Reached XP level 3. HP: 12/28 MP: 3/3
   912 | D:2      | Found Loronyz's Antique Armour Boutique.
   988 | D:2      | Gained mutation: You have a small tail. [demonic ancestry]
   988 | D:2      | Reached XP level 4. HP: 18/34 MP: 4/4
  1582 | D:3      | Identified the +0 helmet of Egyiq {rElec}
  1582 | D:3      | Noticed Robin
  1788 | D:3      | Killed from afar by an orc priest

Illustrated notes

Levels and vault maps discovered:
D:1:      giann_horns, layout_rooms, serial_shops, nicolae_shop_statue_plus,
          chequers_ecumenical_altar_simple, minmay_heptomino_h4
D:2:      layout_rooms, serial_shops, nicolae_shop_trees,
          kennysheep_generic_room_6
D:3:      layout_loops_ring, zin_purify, uniq_robin

Skill      XL: |  1  2  3  4 |
---------------+-------------+-----
Throwing       | 2 |  2.7
Armour         | 1 |  1.8
Dodging        | 3 |  3.4
Fighting       | 3 |  3.0
Axes           | |  2.6
Evocations     | |  0.7

Action                   |  1- 3 |  4- 6 || total
-------------------------+-------+-------++-------
Melee: War axe           |    71 |    58 ||   129
       Tailslap          |       |     6 ||     6
Invok: Fiery Armour      |     1 |       ||     1
Armor: Ring mail         |    33 |    30 ||    63
Dodge: Dodged            |    65 |    31 ||    96

Table legend: (Time is in decaauts)
 A = Elapsed time spent in this place.
 B = Non-inter-level travel time spent in this place.
 C = Inter-level travel time spent in this place.
 D = Time resting spent in this place.
 E = Time spent auto-exploring this place.
 F = Levels seen in this place.
 G = Mean time per level.
                   A        B        C        D        E       F      G
               +--------+--------+--------+--------+--------+-----+--------+
         Total |   1835 |   1798 |     37 |      0 |   1439 |   3 |  611.7 |
       Dungeon |   1835 |   1798 |     37 |      0 |   1439 |   3 |  611.7 |
               +--------+--------+--------+--------+--------+-----+--------+

Top non-repeatable levels by time:
     D:2: 861 daAuts
     D:1: 814 daAuts
     D:3: 159 daAuts
